 Dungeon Crawl Stone Soup version 0.28-a0-1190-g77e1c55843 (webtiles) character file.

Game seed: 13995713613507892995

23 BlueGoblin the Skirmisher (level 2, -3/29 HPs)
             Began as a Troll Fighter on Dec 18, 2021.
             Slain by Terence (10 damage)
             ... on level 2 of the Dungeon.
             The game lasted 00:01:24 (865 turns).

BlueGoblin the Skirmisher (Troll Fighter)            Turns: 865, Time: 00:01:24

Health: -3/29      AC:  4    Str: 23    XL:     2   Next: 75%
Magic:  1/1        EV:  8    Int:  4    God:
Gold:   70         SH:  7    Dex:  9    Spells: 1/1 levels left

rFire   . . .      SeeInvis .   a - +0 flail
rCold   . . .      Faith    .   c - +0 kite shield
rNeg    . . .      Spirit   .   b - +0 robe
rPois   .          Reflect  .   (helmet restricted)
rElec   .          Harm     .   (no cloak)
rCorr   .          Rampage  .   (gloves unavailable)
Will    .....                   (boots unavailable)
Stlth   +.........              (no amulet)
HPRegen 0.89/turn               (no ring)
MPRegen 0.07/turn               (no ring)

@: no status effects
A: large, unfitting armour, claws 3, regeneration 1, shaggy fur 1, tough skin 1
a: no special abilities


You were on level 2 of the Dungeon.
You visited 1 branch of the dungeon, and saw 2 of its levels.

You collected 70 gold pieces.

Inventory:

Hand Weapons
 a - a +0 flail (weapon)
Armour
 b - a +0 robe (worn)
 c - a +0 kite shield (worn)
Scrolls
 f - 2 scrolls of identify {unknown}
 g - a scroll of blinking {unknown}
 h - a scroll of teleportation {unknown}
 j - a scroll of fear {unknown}
 k - 2 scrolls of immolation {unknown}
Potions
 d - a potion of might
 e - a potion of curing {unknown}
 i - a potion of attraction {unknown}


   Skills:
 + Level 2.7 Fighting
 + Level 2.2 Maces & Flails
 + Level 2.6 Dodging
 + Level 2.6 Shields


You had one spell level left.
You didn't know any spells.
Your spell library contained the following spells:

 Spells                   Type           Power      Damage    Failure   Level
 Gell's Gravitas          Tloc           0%         N/A       100%        3
 Teleport Other           Tloc           0%         N/A       100%        3
 Dispersal                Tloc           0%         N/A       100%        6


Dungeon Overview and Level Annotations

Branches:
Dungeon (2/15)

Altars:

Shops:
D:1 (=[*

Annotations:
D:2 Terence


Innate Abilities, Weirdness & Mutations

You are too large for most types of armour.
You have claws for hands.
Your natural rate of healing is unusually fast.
You are covered in fur. (AC +1)
You have tough skin. (AC +1)


Message History

You sock the rat!
You kill the rat!
The bat hits you.
You see here a rat corpse.
You block the bat's attack.
A bat is nearby!
You block the bat's attack.
A bat is nearby!
You barely miss the bat. You block the bat's attack.
The bat hits you but does no damage.
You sock the bat!
You kill the bat!
No target in view!
No target in view!
Found a whip.
No target in view!
You open the door.
An endoplasm comes into view.
Found two gnoll skeletons.
There is an open door here.
An endoplasm is nearby!
You sock the endoplasm!
You kill the endoplasm!
You see here a +0 whip.
You see here a +0 dagger.
k - 2 scrolls labelled AMPAOPH EFAN (gained 1) Terence the Incautious comes into view.
He is wielding a +0 flail.
Terence shouts!
You completely miss Terence. Terence says, "Did you write a will?
You should..."
Terence drinks a potion.
Terence goes berserk!
You barely miss Terence. Terence hits you with a +0 flail.
Terence hits you with a +0 flail! x2
* * * LOW HITPOINT WARNING * * *
You are too injured to fight recklessly!
You are too injured to fight recklessly!
You are too injured to fight recklessly!
Terence is nearby!
Terence hits you with a +0 flail!
You die...

#.# ......#..##.##.............
#.# .......#.....##.............
#.##............##..........(...
#.##......#.###...............##
#.# #.# ##.#........#.## ###
#..####.............##
#..#...#...........##
#.####.#.###............#
#......@@...............#
#...####.#.#............# ##
..#...........#..#
..####.#......##... .##
#......#####.# .. ######...###.#
.# ###...... #. ##..... #.....


You could see Terence (berserk).

Vanquished Creatures
  A dart slug (D:2)
  2 bats (D:2)
  3 endoplasms
  2 goblins (D:1)
  A hobgoblin (D:1)
  3 ball pythons (D:1)
  3 frilled lizards
  A kobold (D:1)
  6 rats
22 creatures vanquished.

Notes
Turn   | Place    | Note
-------+----------+-------------------------------------------
     0 | D:1      | BlueGoblin the Troll Fighter began the quest for the Orb.
     0 | D:1      | Reached XP level 1. HP: 22/22 MP: 0/0
    42 | D:1      | Found Udeanoc's General Store.
   175 | D:1      | Found Ametzexy's Weapon Emporium.
   363 | D:1      | Found Feggutou's Jewellery Shoppe.
   384 | D:1      | Reached XP level 2. HP: 27/29 MP: 1/1
   538 | D:1      | Found Guhomp's Antique Armour Shop.
   859 | D:2      | Noticed Terence
   865 | D:2      | Slain by Terence

Illustrated notes

Levels and vault maps discovered:
D:1:      kennysheep_arrival_forest, layout_loops_ring, serial_shops,
          nicolae_shop_crystal, nicolae_shop_competitors_out_of_business,
          nicolae_shop_temple_entry_statues_fountains, nicolae_square_shop
D:2:      minmay_evil_eye, layout_rooms, dilly_ecumenical_altar_fadedgnrine,
          uniq_terence

Skill      XL: |  1 |
---------------+----+-----
Maces & Flails | 2 |  2.2
Fighting       | |  2.7
Dodging        | |  2.6
Shields        | |  2.6

Action                   || total
-------------------------++-------
Melee: Flail             ||    59
Armor: Robe              ||    24
Dodge: Dodged            ||    16
Block: Kite shield       ||    16

Table legend: (Time is in decaauts)
 A = Elapsed time spent in this place.
 B = Non-inter-level travel time spent in this place.
 C = Inter-level travel time spent in this place.
 D = Time resting spent in this place.
 E = Time spent auto-exploring this place.
 F = Levels seen in this place.
 G = Mean time per level.
                   A        B        C        D        E       F      G
               +--------+--------+--------+--------+--------+-----+--------+
         Total |    895 |    874 |     21 |      0 |    701 |   2 |  447.5 |
       Dungeon |    895 |    874 |     21 |      0 |    701 |   2 |  447.5 |
               +--------+--------+--------+--------+--------+-----+--------+

Top non-repeatable levels by time:
     D:1: 670 daAuts
     D:2: 225 daAuts
